 Dungeon Crawl Stone Soup version 0.25.1-8-g42b30a86e7 (webtiles) character file.

Game seed: 17845012531985103424

1052 MajorAdolf the Covert (level 8, -3/70 HPs)
             Began as a Naga Wanderer on Dec 20, 2020.
             Was an Initiate of Gozag.
             Slain by a worker ant (8 damage)
             ... on level 5 of the Dungeon.
             The game lasted 00:08:41 (8736 turns).

MajorAdolf the Covert (Naga Wanderer)               Turns: 8736, Time: 00:08:42

Health: -3/70      AC:  3    Str: 15    XL:     8   Next: 26%
Magic:  11/11      EV: 10    Int: 10    God:    Gozag
Gold:   406        SH:  0    Dex: 15    Spells: 7/7 levels left

rFire    . . .     SeeInvis +   v - +0 dagger (venom)
rCold    . . .     Gourm    .   (no shield)
rNeg     . . .     Faith    .   e - +0 robe
rPois    +         Spirit   .   (no helmet)
rElec    .         Reflect  .   (no cloak)
rCorr    .         Harm     .   (no gloves)
MR       +....                  (no barding)
Stlth    ++++......             (no amulet)
HPRegen  0.21/turn              (no ring)
MPRegen  0.12/turn              (no ring)

@: short of breath, studying Polearms, very slow
A: large, see invisible, deformed body, poison resistance, slowness 2, slow
metabolism 1, spit poison 1, AC +2
a: Spit Poison, Potion Petition, Call Merchant, Bribe Branch, Renounce Religion


You were on level 5 of the Dungeon.
You worshipped Gozag.
Gozag was aware of your devotion.
You were near starving.

You visited 2 branches of the dungeon, and saw 7 of its levels.

You collected 477 gold pieces.
You paid 71 gold pieces to Gozag.

Inventory:

Hand Weapons
 g - a +0 short sword of holy wrath
 v - a +0 dagger of venom (weapon)
Missiles
 c - 174 arrows
Armour
 e - a +0 robe (worn)
 z - a +0 cloak
Jewellery
 r - a cursed ring of teleportation {unknown}
Wands
 o - a wand of clouds (5)
 x - a wand of flame (1)
Scrolls
 a - a scroll of fear {unknown}
 b - a scroll of enchant armour {unknown}
 d - 3 scrolls of teleportation
 i - 8 scrolls of identify {unknown}
 k - 2 scrolls of enchant weapon {unknown}
 m - 2 scrolls of remove curse {unknown}
 n - a scroll of amnesia {unknown}
 t - a scroll of magic mapping {unknown}
 y - a scroll of blinking {unknown}
Potions
 h - a potion of haste
 j - 4 potions of curing {unknown}
 l - a potion of degeneration {unknown}
 p - 2 potions of lignification {unknown}
 q - a potion of berserk rage {unknown}
 s - 3 potions of brilliance {unknown}
 w - a potion of flight {unknown}
 A - 2 potions of mutation {unknown}
Books
 u - a manual of Polearms
Comestibles
 f - 7 rations


   Skills:
 - Level 3.6 Fighting
 + Level 5.4(5.7) Short Blades
   Level 2.0(4.0) Long Blades
   Level 1.0 Axes
 - Level 1.0 Armour
 - Level 1.0 Dodging
 + Level 8.0 Stealth
 + Level 5.0 Evocations


You had 7 spell levels left.
You didn't know any spells.
Your spell library was empty.

Dungeon Overview and Level Annotations

Branches:
Dungeon (6/15)             Temple (1/1) D:4

Altars:
Cheibriados
Dithmenos
Elyvilon
Fedhas
Gozag
Hepliaklqana
Kikubaaqudgha
Makhleb
Nemelex Xobeh
Okawaru
Ru
Trog
Uskayaw
Vehumet
Wu Jian
Xom
Yredelemnul
Zin
The Shining One
Lugonu

Shops:
D:5 =


Innate Abilities, Weirdness & Mutations

You cannot wear boots.
Your serpentine skin is tough. (AC +2)
You have supernaturally acute eyesight. (SInv)
Armour fits poorly on your strangely shaped body.
Your system is resistant to poisons. (rPois)
You cover ground very slowly.
You have a slow metabolism.
You can spit poison.


Message History

You hit the gnoll shaman.
The gnoll shaman is poisoned.
The gnoll shaman is heavily wounded.
The gnoll shaman prays to its god.
The gnoll shaman is healed somewhat.
You hit the gnoll shaman but do no damage.
The gnoll shaman looks as sick as possible!
The gnoll shaman is moderately wounded.
The worker ant is no longer distracted by gold.
The gnoll shaman hits you but does no damage.
Unknown command.
You hit the gnoll shaman.
The gnoll shaman is heavily wounded.
The worker ant bites you but does no damage.
You hit the gnoll shaman but do no damage.
The gnoll shaman is heavily wounded.
The gnoll shaman hits you with a +0 club!
* * * LOW HITPOINT WARNING * * *
The worker ant bites you!
You die...
Your body crumbles into a pile of gold.

...## #.....#.####..#
#.## ##.########).###.#
#..# #...
##.......))..###.####..#
####
....#..####............#
...###.# ######.#####.#
##..#..# #.# #.# #....##
#.# #.# #.#.## #g# #.#
##.#.# #@# #.# ...#.#
#a# #.# .....#
#.#####.#### ####.#
#......(.).# #...#
#######.##)# #.#.#
#.##.# #.#.# #.##.#
##.#.# #.##.# ...#.####
##### #.##.#


You could see a gnoll shaman (extremely poisoned) and a worker ant.

Vanquished Creatures
  An ice beast (D:5)
  A centaur (D:5)
  2 scorpions
  3 howler monkeys
  3 crimson imps
  A centaur zombie (D:5)
  A hound (D:4)
  A bullfrog skeleton (D:4)
  An iguana (D:4)
  An orc wizard (D:5)
  6 worker ants
  A hound skeleton (D:4)
  4 adders
  7 gnolls
  4 oozes
  An adder zombie (D:5)
  8 worms
  A dart slug (D:1)
  7 leopard geckos
  12 orcs
  5 bats
  7 giant cockroaches
  7 goblins
  7 hobgoblins
  13 jackals
  6 kobolds
  2 ball pythons (D:1)
  5 frilled lizards
  A jackal zombie (D:5)
  A leopard gecko skeleton (D:4)
  A quokka zombie (D:5)
  4 rats
125 creatures vanquished.

Notes
Turn   | Place    | Note
-------+----------+-------------------------------------------
     0 | D:1      | MajorAdolf the Naga Wanderer began the quest for the Orb.
     0 | D:1      | MajorAdolf set off with the following items: a +2 falchion,
                  | a +0 shortbow, 25 arrows, a scroll of teleportation, a +0
                  | robe, a ration
     0 | D:1      | Reached XP level 1. HP: 21/21 MP: 1/1
   301 | D:1      | Reached XP level 2. HP: 20/28 MP: 2/2
   316 | D:1      | Reached skill level 2 in Stealth
   769 | D:1      | Reached skill level 1 in Short Blades
   777 | D:1      | Reached XP level 3. HP: 11/34 MP: 3/3
  1963 | D:2      | Reached XP level 4. HP: 33/43 MP: 4/4
  2271 | D:2      | Found a hazy altar of Hepliaklqana.
  3107 | D:3      | Reached skill level 3 in Stealth
  3107 | D:3      | Reached XP level 5. HP: 27/49 MP: 6/6
  3984 | D:3      | Found a glowing golden altar of the Shining One.
  4076 | D:3      | Reached skill level 4 in Stealth
  4346 | D:3      | HP: 1/49 [orc/+0 club (3)]
  4667 | D:3      | Found a basalt altar of Yredelemnul.
  5008 | D:3      | Noticed an angel
  5316 | D:4      | Reached XP level 6. HP: 14/56 MP: 6/8
  5807 | D:4      | Found a radiant altar of Vehumet.
  5808 | D:4      | Found a burning altar of Makhleb.
  5816 | D:4      | Reached skill level 5 in Stealth
  5873 | D:4      | Found a hide-covered altar of Uskayaw.
  5900 | D:4      | Noticed a +0 hand axe
  5900 | D:4      | Noticed a +0 hand axe
  6372 | D:4      | Reached XP level 7. HP: 47/62 MP: 9/9
  6504 | D:4      | Found a staircase to the Ecumenical Temple.
  6801 | Temple   | Entered the Ecumenical Temple
  6831 | Temple   | Became a worshipper of Gozag Ym Sagoz the Greedy
  6922 | D:5      | Entered Level 5 of the Dungeon
  6922 | D:5      | Found a bloodstained altar of Trog.
  6924 | D:5      | Reached skill level 6 in Stealth
  7361 | D:5      | Reached skill level 7 in Stealth
  7512 | D:5      | Reached skill level 5 in Short Blades
  7707 | D:5      | Reached XP level 8. HP: 63/70 MP: 11/11
  8280 | D:5      | Found Paatiakh's Jewellery Shop.
  8308 | D:5      | Found an ornate altar of the Wu Jian Council.
  8310 | D:5      | Found a snail-covered altar of Cheibriados.
  8469 | D:5      | Found an iron altar of Okawaru.
  8515 | D:5      | Found a blossoming altar of Fedhas.
  8612 | D:6      | Found a white marble altar of Elyvilon.
  8645 | D:6      | Reached skill level 8 in Stealth
  8656 | D:6      | Reached skill level 5 in Evocations
  8736 | D:5      | Slain by a worker ant

Illustrated notes

Levels and vault maps discovered:
D:1:      mrwooster_arrival_statue, layout_rooms
D:2:      layout_loops_ring, marbit_many_paths
D:3:      layout_rooms, grunt_temple_overflow_holy_war
D:4:      wad_crossroads, layout_basic,
          grunt_temple_overflow_lords_of_destruction, dancing_weapons_uskayaw,
          minmay_temple_entry_fiery, minmay_manual_mail
D:5:      layout_loops_ring, kennysheep_little_box,
          nicolae_overflow_hidden_temple, old_standard_altar, first_ration,
          serial_shops, kennysheep_mini, okawaru_ov_weapons_minmay
D:6:      layout_rooms, lemuel_crystal_altar, nicolae_qazlal_eye_of_the_storm,
          overflow_temple_1_default, serial_bayou_crossing
Temple:   corrupted_temple

Skill      XL: |  1  2  3  4  5  6  7  8 |
---------------+-------------------------+-----
Stealth        | 2 3 4 5 7 8 |  8.0
Short Blades   | 1 2 3 4 5 |  5.4
Evocations     | 2 3 4 5 |  5.0
Fighting       | |  3.6
Long Blades    | |  2.0
Axes           | |  1.0
Armour         | |  1.0
Dodging        | |  1.0

Action                   |  1- 3 |  4- 6 |  7- 9 || total
-------------------------+-------+-------+-------++-------
Melee: Short sword       |   108 |   194 |    58 ||   360
       Dagger            |       |    44 |   129 ||   173
 Abil: Spit Poison       |     4 |    19 |     4 ||    27
  Use: Scroll            |       |     1 |     1 ||     2
       Potion            |       |     1 |       ||     1
 Stab: Sleeping          |     3 |     7 |     5 ||    15
       Distracted        |       |     1 |     1 ||     2
  Eat: Chunk             |     2 |    12 |     1 ||    15
       Ration            |       |       |     1 ||     1
Armor: Robe              |    15 |    50 |    32 ||    97
Dodge: Dodged            |    59 |   157 |    89 ||   305
